 Dungeon Sprint DCSS version 0.26-a0-1060-g086102a3f0 (webtiles) character file.

Game seed: 2622276004681820670

57438 Cadaver the Slayer (level 14, -11/163 HPs)
             Began as a Minotaur Summoner on Dec 13, 2020.
             Was a Believer of Uskayaw.
             Blown up by an ancient lich (22 damage)
             ... with a wavering orb of destruction
             ... in the Dungeon (Sprint VII: "The Pits").
             The game lasted 00:39:44 (10571 turns).

Cadaver the Slayer (Minotaur Summoner)             Turns: 10571, Time: 00:39:45

Health: -11/163    AC: 33    Str: 17    XL:     14   Next: 45%
Magic:  17/17      EV: 13    Int: 12    God:    Uskayaw [**....]
Gold:   84         SH:  9    Dex: 15    Spells: 12/19 levels left

rFire    . . .     SeeInvis .   K - +2 demon blade (flame)
rCold    . . .     Faith    .   U - +0 kite shield
rNeg     . . .     Spirit   .   v - +5 plate armour
rPois    .         Reflect  .   I - +1 hat {Will+}
rElec    .         Harm     .   T - +1 cloak {Stlth+}
rCorr    .         Rampage  .   Q - +1 pair of gloves
Will     ++...     NoTele   +   (no boots)
Stlth    ..........             (no amulet)
HPRegen  0.37/turn              r - +3 ring of strength
MPRegen  0.15/turn              s - +3 ring of evasion

@: no status effects
A: retaliatory headbutt, horns 2
a: Stomp, Line Pass, Renounce Religion


You were in the Dungeon.
You worshipped Uskayaw.
Uskayaw was noncommittal.
You visited 1 branch You collected 84 gold pieces.

Inventory:

Hand Weapons
 b - a +2 falchion
 i - a +2 mace of holy wrath
 p - a +1 long sword of flaming
 w - a +2 scimitar of flaming
 H - a +1 vorpal demon blade
 J - the +7 Singing Sword {vorpal, sonic wave}
   (You took it off a hell knight in the Dungeon)

   It inflicts extra damage upon your enemies.
 K - a +2 demon blade of flaming (weapon)
 M - a +4 vampiric scimitar
 O - the +9 scimitar "Worm's Wrath" {antimagic, Will++ Dex-5 Stlth+}
   (You found it in the Dungeon)

   It reduces the magical energy of the wielder, and disrupts the spells and
   magical abilities of those hit.
   Natural abilities and divine invocations are not affected.
   It affects your dexterity (-5).
   It affects your willpower, your defense against some magical effects.
   It makes you more stealthy.
 P - a +3 double sword
Missiles
 o - 14 stones
 N - 19 silver javelins
Armour
 j - a +0 plate armour of fire resistance
 q - a +0 troll leather armour
 u - the +1 ring mail of Zonnel {rPois rN++}
   (You found it in the Dungeon)

   It protects you from poison.
   It greatly protects you from negative energy.
 v - a +5 plate armour (worn)
 I - a +1 hat of willpower (worn)
 Q - a +1 pair of gloves (worn)
 S - a +6 chain mail
 T - a +1 cloak of stealth (worn)
 U - a +0 kite shield (worn)
Jewellery
 r - a +3 ring of strength (left hand)
 s - a +3 ring of evasion (right hand)
 y - an uncursed ring of protection from cold
 z - an uncursed ring of magical power
 A - an uncursed ring of see invisible
 B - a +6 ring of strength
Wands
 a - a wand of paralysis (1)
 g - a wand of iceblast (7)
 x - a wand of acid (5)
Scrolls
 h - a scroll of blinking
 k - 3 scrolls of remove curse
 l - 5 scrolls of amnesia
 m - a scroll of summoning
 n - 2 scrolls of vulnerability
 C - 2 scrolls of identify
 E - 4 scrolls of enchant weapon
 G - a scroll of fear
Potions
 c - 5 potions of curing
 d - 6 potions of heal wounds
 e - a potion of haste
 f - 4 potions of magic
 t - a potion of resistance
 D - 2 potions of berserk rage
 F - a potion of might
Miscellaneous
 L - a condenser vane


   Skills:
 + Level 25.7 Fighting
 + Level 25.3 Long Blades
 + Level 24.1 Armour
 + Level 9.7 Dodging
 - Level 1.5 Stealth
 + Level 4.0 Shields
 + Level 1.2 Unarmed Combat
 + Level 3.2 Spellcasting
 - Level 2.9 Summonings
 + Level 2.4 Evocations


You had 12 spell levels left.
You knew the following spells:

 Your Spells              Type           Power        Failure   Level
a - Summon Small Mammal   Summ           #...         90%         1
b - Summon Guardian Gole  Hex/Summ       #.......     100%        3
c - Call Canine Familiar  Summ           #.......     99%         3

Your spell library contained the following spells:

 Spells                   Type           Power        Failure   Level
 Call Imp                 Summ           #.......     97%         2
 Sandblast                Erth           #.....       100%        1
 Sting                    Tmut/Pois      #...         100%        1
 Passwall                 Tmut/Erth      #.......     100%        2
 Poisonous Vapours        Pois/Air       #.....       100%        2
 Ignite Poison            Fire/Tmut/Pois #.......     100%        3
 Mephitic Cloud           Conj/Pois/Air  #.......     100%        3
 Stone Arrow              Conj/Erth      #.....       100%        3
 Olgreb's Toxic Radiance  Pois           #.......     100%        4
 Summon Ice Beast         Ice/Summ       #.......     100%        4
 Summon Lightning Spire   Summ/Air       #.......     100%        4
 Borgnjor's Vile Clutch   Necr/Erth      #.........   100%        5
 Shatter                  Erth           #.........   100%        9


Dungeon Overview and Level Annotations

Branches:
Dungeon (1/1)

Altars:
Ashenzari
Cheibriados
Dithmenos
Elyvilon
Fedhas
Gozag
Hepliaklqana
Kikubaaqudgha
Makhleb
Nemelex Xobeh
Okawaru
Qazlal
Ru
Sif Muna
Trog
Uskayaw
Vehumet
Wu Jian
Xom
Yredelemnul
Zin
The Shining One
Beogh
Jiyva
Lugonu


Innate Abilities, Weirdness & Mutations

You reflexively headbutt those who attack you in melee.
You have a pair of horns on your head.


Message History

The bolt of lightning hits you!!!
You can now pass through a line of other dancers.
You hit the ancient lich but do no damage.
The ancient lich is moderately damaged.
The ancient lich points at you and mumbles some strange words.
The bolt of lightning hits you!!
* * * LOW HITPOINT WARNING * * *
You slice the ancient lich!! You burn the ancient lich!
The ancient lich is severely damaged.
The ancient lich touches you but does no damage.
You barely miss the ancient lich. You headbutt the ancient lich!
The ancient lich is severely damaged.
The ancient lich points at you and mumbles some strange words.
The bolt of lightning hits you!!
* * * LOW HITPOINT WARNING * * *
You slash the ancient lich! You burn the ancient lich.
The ancient lich is almost destroyed.
The ancient lich launches a ball of destructive magic.
The wavering orb of destruction weakly hits you!!
You die...

'##############).#
.).#[[[.#[[#.[#..#
...##'[##[.#[.#..#
...#(...#.....#..#
.###.(..####..#..#
....(......'..#..#
.....)..####..#..#
..####..#.....#..#
..#((#.)#[[#[[#.@#
.##(('..#.[#[[#.L#
###############''#
##''# ##N..#
#...## #...##
.....## ...#...#


You could see an ancient lich (fast) and a naga mage.

Vanquished Creatures
  Gastronok (D)
  A nagaraja (D)
  A fire giant (D)
  A ghost moth (D)
  A draconian knight (D)
  2 orc warlords (D)
  An angel (D)
  A lorocyproca (D)
  A deep elf annihilator (D)
  A minotaur (D)
  A red draconian (D)
  An eidolon (D)
  A deep elf high priest (D)
  2 yaktaur captains (D)
  2 hydras (D)
  A great orb of eyes (D)
  2 naga warriors (D)
  2 anacondas (D)
  A boulder beetle (D)
  4 vault guards (D)
  4 catoblepae (D)
  An alligator snapping turtle (D)
  A merfolk avatar (D)
  A two-headed ogre (D)
  2 death knights (D)
  A vampire mage (D)
  A soul eater (D)
  A deep elf knight (D)
  4 hell knights (D)
  A shadow wraith (D)
  An unseen horror (D)
  2 deep trolls (D)
  2 spriggan druids (D)
  A wizard (D)
  3 harpies (D)
  A necromancer (D)
  3 deep elf magi (D)
  12 orc knights (D)
  An elephant (D)
  A black mamba (D)
  A naga mage (D)
  2 smoke demons (D)
  Psyche (D)
  A gargoyle (D)
  A rime drake (D)
  3 kobold demonologists (D)
  3 yaktaurs (D)
  A cane toad (D)
  2 ice devils (D)
  A guardian mummy (D)
  2 trolls (D)
  A wind drake (D)
  A large abomination (D)
  5 blink frogs (D)
  A water elemental (D)
  A ynoxinul (D)
  A spriggan (D)
  An air elemental (D)
  3 redbacks (D)
  A vampire (D)
  5 yaks (D)
  A golden eye (D)
  A wyvern (D)
  2 basilisks (D)
  A steam dragon (D)
  Edmund (D)
  A soldier ant (D)
  A water moccasin (D)
  3 floating eyes (D)
  2 orc warriors (D)
  2 swamp drakes (D)
  An eye of draining (D)
  A phantom (D)
  7 wolves (D)
  2 centaurs (D)
  3 big kobolds (D)
  A gnoll sergeant (D)
  A bullfrog (D)
  7 killer bees (D)
  A scorpion (D)
  An orc wizard (D)
  A worker ant (D)
  3 gnolls (D)
  2 adders (D)
  A river rat (D)
  2 ufetubi (D)
  An ooze (D)
  An adder skeleton (D)
  2 leopard geckos (D)
  6 orcs (D)
  A ball python (D)
  A bat zombie (D)
  A goblin (D)
  2 jackals (D)
  A ball python simulacrum (D)
  A bat (D)
  A frilled lizard (D)
  A kobold (D)
178 creatures vanquished.

Vanquished Creatures (others)
  2 kobolds (D)
2 creatures vanquished.

Grand Total: 180 creatures vanquished

Notes
Turn   | Place    | Note
-------+----------+-------------------------------------------
     0 | D        | Cadaver the Minotaur Summoner began the quest for the Orb.
     0 | D        | Reached XP level 1. HP: 14/14 MP: 1/1
    11 | D        | Reached skill level 1 in Fighting
    11 | D        | Reached skill level 1 in Unarmed Combat
    40 | D        | Found a bloodstained altar of Trog.
    40 | D        | Found a shimmering blue altar of Sif Muna.
    40 | D        | Found a viscous altar of Jiyva.
    40 | D        | Found a hazy altar of Hepliaklqana.
    40 | D        | Found an opulent altar of Gozag.
    41 | D        | Found a glowing golden altar of the Shining One.
    41 | D        | Found a glowing silver altar of Zin.
    41 | D        | Found a basalt altar of Yredelemnul.
    41 | D        | Found a shimmering altar of Xom.
    41 | D        | Found an ornate altar of the Wu Jian Council.
    41 | D        | Found a sacrificial altar of Ru.
    41 | D        | Found a stormy altar of Qazlal.
    41 | D        | Found an iron altar of Okawaru.
    41 | D        | Found a sparkling altar of Nemelex Xobeh.
    41 | D        | Found a burning altar of Makhleb.
    41 | D        | Found a blossoming altar of Fedhas.
    41 | D        | Found a white marble altar of Elyvilon.
    41 | D        | Found a shadowy altar of Dithmenos.
    41 | D        | Found a snail-covered altar of Cheibriados.
    42 | D        | Found a radiant altar of Vehumet.
    42 | D        | Found a corrupted altar of Lugonu.
    42 | D        | Found a roughly hewn altar of Beogh.
    43 | D        | Found a hide-covered altar of Uskayaw.
    43 | D        | Found an ancient bone altar of Kikubaaqudgha.
    43 | D        | Found a broken altar of Ashenzari.
    67 | D        | Became a worshipper of Uskayaw the Reveller
    82 | D        | Noticed a floating eye
    88 | D        | Reached * piety under Uskayaw
    91 | D        | Killed a floating eye
    91 | D        | Reached ** piety under Uskayaw
    92 | D        | Reached XP level 2. HP: 34/34 MP: 3/3
    92 | D        | Reached XP level 3. HP: 39/39 MP: 4/4
    92 | D        | Reached XP level 4. HP: 47/47 MP: 5/5
   130 | D        | Noticed a floating eye
   144 | D        | Paralysed by a floating eye for 4 turns
   150 | D        | Killed a floating eye
   151 | D        | Reached XP level 5. HP: 56/57 MP: 5/7
   153 | D        | Reached *** piety under Uskayaw
   156 | D        | Reached **** piety under Uskayaw
   271 | D        | Noticed a water moccasin
   287 | D        | Killed a water moccasin
   288 | D        | Reached skill level 10 in Fighting
   288 | D        | Reached skill level 10 in Long Blades
   288 | D        | Reached XP level 6. HP: 67/67 MP: 7/9
   367 | D        | Reached skill level 5 in Armour
   367 | D        | Reached XP level 7. HP: 71/73 MP: 10/10
   383 | D        | Noticed a black mamba
   395 | D        | Killed a black mamba
   722 | D        | Reached XP level 8. HP: 66/82 MP: 11/11
  1200 | D        | Reached skill level 15 in Long Blades
  1218 | D        | Noticed an elephant
  1253 | D        | Killed an unseen horror
  1254 | D        | Reached skill level 10 in Armour
  1254 | D        | Reached XP level 9. HP: 38/91 MP: 12/12
  1260 | D        | Killed a shadow wraith
  1269 | D        | Reached ***** piety under Uskayaw
  1270 | D        | Killed an elephant
  1277 | D        | Learned a level 3 spell: Summon Guardian Golem
  1281 | D        | Learned a level 3 spell: Call Canine Familiar
  1519 | D        | Noticed a cane toad
  1519 | D        | Noticed a troll
  1538 | D        | Killed a cane toad
  1662 | D        | Killed a troll
  1667 | D        | Noticed a smoke demon
  1667 | D        | Noticed a kobold demonologist
  1696 | D        | Killed a kobold demonologist
  1702 | D        | Killed a smoke demon
  1703 | D        | Reached XP level 10. HP: 30/101 MP: 8/13
  2008 | D        | Noticed a catoblepas
  2010 | D        | Noticed a death knight
  2052 | D        | Killed a catoblepas
  2177 | D        | Killed a death knight
  2178 | D        | Reached skill level 15 in Armour
  2484 | D        | Noticed a smoke demon
  2505 | D        | Killed a smoke demon
  2680 | D        | Noticed a deep elf mage
  2710 | D        | Reached ****** piety under Uskayaw
  2711 | D        | Killed a deep elf mage
  2712 | D        | Reached XP level 11. HP: 104/111 MP: 11/14
  2738 | D        | Noticed Edmund
  2738 | D        | Noticed Psyche
  2749 | D        | Paralysed by Psyche for 3 turns
  2754 | D        | Killed Psyche
  2768 | D        | Noticed an orc knight
  2768 | D        | Noticed a deep elf mage
  2836 | D        | Killed an orc knight
  2845 | D        | Reached skill level 15 in Fighting
  2848 | D        | Killed Edmund
  3006 | D        | Killed a deep elf mage
  3311 | D        | Noticed a two-headed ogre
  3330 | D        | Killed a two-headed ogre
  3431 | D        | Reached skill level 5 in Dodging
  3594 | D        | Noticed Gastronok
  3840 | D        | Killed Gastronok
  4017 | D        | Noticed a deep elf mage
  4017 | D        | Noticed a deep troll
  4039 | D        | Killed a deep troll
  4042 | D        | Killed a deep elf mage
  4228 | D        | Noticed a death knight
  4228 | D        | Noticed a hell knight
  4228 | D        | Noticed a hell knight
  4229 | D        | Noticed a hell knight
  4231 | D        | Noticed a hell knight
  4236 | D        | Noticed an anaconda
  4288 | D        | Killed an anaconda
  4296 | D        | Killed a hell knight
  4297 | D        | Reached XP level 12. HP: 66/124 MP: 15/15
  4309 | D        | Killed a death knight
  4646 | D        | Noticed a four-headed hydra
  4654 | D        | Killed a one-headed hydra
  4729 | D        | Noticed a catoblepas
  4749 | D        | Killed a catoblepas
  4822 | D        | Noticed an eidolon
  4822 | D        | Noticed a catoblepas
  4823 | D        | Noticed a seven-headed hydra
  4863 | D        | Killed a four-headed hydra
  4864 | D        | Reached skill level 1 in Evocations
  4886 | D        | Noticed a great orb of eyes
  4901 | D        | Killed a great orb of eyes
  4902 | D        | Noticed a minotaur
  5237 | D        | Noticed a deep elf high priest
  5247 | D        | Killed a deep elf high priest
  5400 | D        | Noticed an alligator snapping turtle
  5425 | D        | Killed an alligator snapping turtle
  5725 | D        | Noticed an angel
  5748 | D        | Killed an angel
  5999 | D        | Killed a catoblepas
  6000 | D        | Reached XP level 13. HP: 112/137 MP: 16/16
  6027 | D        | Killed an eidolon
  6030 | D        | Got the Tome of Clay
  6380 | D        | Killed a minotaur
  7228 | D        | Noticed an orc warlord
  7228 | D        | Noticed an orc warlord
  8122 | D        | Killed an orc warlord
  8128 | D        | Killed an orc warlord
  9026 | D        | Reached XP level 14. HP: 155/159 MP: 17/17
  9066 | D        | Killed a ghost moth
  9073 | D        | Got the +9 scimitar "Worm's Wrath" {antimagic, Will++ Dex-5
                  | Stlth+}
  9286 | D        | Got the +1 ring mail of Zonnel {rPois rN++}
  9336 | D        | Found the +4 moon troll leather armour {Spirit, Regen++
                  | MP+5}
  9390 | D        | Noticed a fire giant
  9403 | D        | Killed a fire giant
  9654 | D        | Noticed a white draconian knight
  9666 | D        | Noticed a nagaraja
  9722 | D        | Reached skill level 1 in Shields
  9756 | D        | Killed a nagaraja
 10142 | D        | Killed a white draconian knight
 10552 | D        | Noticed an ancient lich
 10554 | D        | Paralysed by an ancient lich for 5 turns
 10571 | D        | Blown up by an ancient lich

Illustrated notes

Levels and vault maps discovered:
D:        pitsprint [storerooms_1, entrance_room_1, metal_vault_5, armoury_1,
          mini_pit_1, grid_room_1, main_hall_1, silver_pit, the_coven_1,
          the_vestibule_1, steel_vault_4, golden_pit, hallway_of_sentries,
          crystal_vault_4, iron_vault_1, final_vault]

Skill      XL: |  1  2  3  4  5  6  7  8  9 10 11 12 13 14 |
---------------+-------------------------------------------+-----
Fighting       | 7 9 10 11 12 13 14 16 19 24 25 | 25.7
Unarmed Combat | 1 |  1.2
Long Blades    | 7 9 10 11 14 15 17 18 20 22 24 25 | 25.3
Spellcasting   | 2 3 |  3.2
Armour         | 3 5 7 10 13 17 20 22 23 24 | 24.1
Dodging        | 3 4 6 7 9 |  9.7
Evocations     | 1 2 |  2.4
Shields        | 4 |  4.0
Stealth        | |  1.5
Summonings     | |  2.9

Action                   |  1- 3 |  4- 6 |  7- 9 | 10-12 | 13-15 || total
-------------------------+-------+-------+-------+-------+-------++-------
Melee: Falchion          |     4 |    48 |    43 |       |       ||    95
       Headbutt          |     2 |     6 |    14 |    79 |    95 ||   196
       Punch             |     1 |     1 |       |     3 |     1 ||     6
       Unarmed           |     1 |       |       |       |       ||     1
       Scimitar          |       |       |    56 |   210 |       ||   266
       Demon blade       |       |       |       |   113 |   346 ||   459
       Great sword       |       |       |       |       |     7 ||     7
Invok: Stomp             |       |       |     2 |     3 |       ||     5
       Line Pass         |       |       |     2 |     1 |       ||     3
Evoke: Wand              |       |       |       |     2 |       ||     2
       Condenser vane    |       |       |       |       |     1 ||     1
  Use: Potion            |       |     1 |     5 |    13 |     4 ||    23
       Scroll            |       |       |       |     3 |     2 ||     5
 Stab: Paralysed         |       |       |     4 |    18 |    14 ||    36
       Confused          |       |       |     1 |       |       ||     1
       Invisible         |       |       |       |     6 |     6 ||    12
Armor: Robe              |     1 |       |       |       |       ||     1
       Chain mail        |       |    16 |    68 |   153 |    42 ||   279
       Troll leather arm |       |       |       |     4 |       ||     4
       Plate armour      |       |       |       |       |    82 ||    82
Dodge: Dodged            |     1 |    17 |    38 |   177 |   103 ||   336
Block: Kite shield       |       |       |       |       |     9 ||     9
       Rpst.: Falchion   |       |     3 |     1 |       |       ||     4
       Scimitar          |       |       |     6 |    33 |       ||    39
       Demon blade       |       |       |       |    13 |    14 ||    27
       Great sword       |       |       |       |       |     1 ||     1

Table legend: (Time is in decaauts) A = Elapsed time spent in this place. B = Non-inter-level travel time spent in this place. C = Inter-level travel time spent in this place. D = Time resting spent in this place. E = Time spent auto-exploring this place. F = Levels seen in this place. G = Mean time per level. A B C D E F G +--------+--------+--------+--------+--------+-----+--------+ Total | 10340 | 9931 | 409 | 5891 | 0 | 1 | 10340.0 | Dungeon | 10340 | 9931 | 409 | 5891 | 0 | 1 | 10340.0 | +--------+--------+--------+--------+--------+-----+--------+

Top non-repeatable levels by time:
       D: 10340 daAuts
